 Dungeon Crawl Stone Soup version 0.23.0 (webtiles) character file.

Game seed: 13768737839049017788

48284 HEYYEYAAE the Quickloader (level 14, -11/106 HPs)
             Began as an Octopode Hunter on Feb 15, 2019.
             Was a High Priest of Okawaru.
             Mangled by a red ugly thing (16 damage)
             ... on level 15 of the Dungeon.
             The game lasted 00:49:49 (30774 turns).

HEYYEYAAE the Quickloader (Octopode Hunter)        Turns: 30774, Time: 00:49:49

Health: -11/106    AC:  2    Str: 11      XL:     14   Next: 45%
Magic:  12/14      EV: 29    Int: 14 (15) God:    Okawaru [*****.]
Gold:   912        SH:  9    Dex: 16      Spells: 13/13 levels left

rFire    . . .     SeeInvis +   a - +3 hand crossbow
rCold    . . .     Gourm    .   K - +1 buckler of the Monkey {rCorr}
rNeg     . . .     Faith    .   e - +1 hat
rPois    +         Spirit   .   A - amulet of harm
rElec    .         Reflect  .   n - +2 ring of evasion
rCorr    +         Harm     +   u - ring of see invisible
MR       ++...                  G - ring of poison resistance
Stlth    ++++......             L - ring of protection from magic
HPRegen  0.27/turn              (no ring)
MPRegen  0.14/turn              (no ring)
                                (no ring)
                                (no ring)

@: heroism
A: almost no armour, stealthy swim, amphibious, 8 rings, constrict 8, tentacle
spike 2, camouflage 1, deterioration 1, gelatinous body 1
a: Heroism, Finesse, Renounce Religion


You were on level 15 of the Dungeon.
You worshipped Okawaru.
Okawaru was extremely pleased with you.
You were not hungry.

You visited 4 branches of the dungeon, and saw 23 of its levels.
You also visited: Ice Cave.

You collected 912 gold pieces.

Inventory:

Hand Weapons
 a - a +3 hand crossbow (weapon)
 j - the +9 hunting sling "Pajukusch" {venom, MR+ Str+3 Stlth-}
   (You found it on level 5 of the Dungeon)

   It poisons the ammo it fires.
   It affects your strength (+3).
   It affects your resistance to hostile enchantments.
   It makes you less stealthy.
 y - the +10 zealot's sword {holy, *Rage rN+ EV+3}
   (You found it in an ice cave)

   It has been blessed by the Shining One to cause great damage to the undead
   and demons.
   It affects your evasion (+3).
   It protects you from negative energy.
   It may make you go berserk in combat.
 C - the +11 long sword "Qifuimeh" {slice, *Drain Str+4 Int-2 Dex+5}
   (You found it on level 11 of the Dungeon)

   It inflicts extra damage upon your enemies.
   It affects your strength (+4).
   It affects your intelligence (-2).
   It affects your dexterity (+5).
   It causes draining when unequipped.
 D - a +1 scimitar of flaming
 E - a +5 triple crossbow of velocity
Missiles
 c - 129 bolts (quivered)
Armour
 e - a +1 hat (worn)
 k - a +0 hat of intelligence
 K - the +1 buckler of the Monkey (worn) {rCorr}
   (Okawaru gifted it to you on level 1 of the Lair of Beasts)

   It provides partial protection from all sources of acid and corrosion.
Jewellery
 n - a +2 ring of evasion (left tentacle)
 u - a ring of see invisible (right tentacle)
 A - an amulet of harm (around mantle)
 B - an uncursed ring of ice
 G - a ring of poison resistance (on tentacle)
 L - a ring of protection from magic (on tentacle)
Wands
 p - a wand of random effects (20)
 s - a wand of polymorph (21)
 v - a wand of flame (4)
 F - a wand of digging (2)
 M - a wand of iceblast (5)
Scrolls
 g - 3 scrolls of magic mapping
 i - 2 scrolls of fog
 m - 4 scrolls of amnesia
 q - 13 scrolls of remove curse
 r - 3 scrolls of enchant armour
 t - 6 scrolls of identify
 I - a scroll of silence
Potions
 f - 4 potions of brilliance
 o - 7 potions of magic
 w - 2 potions of degeneration
 z - 2 potions of flight
Comestibles
 d - 17 rations


   Skills:
 + Level 13.2(18.2) Fighting
 + Level 13.6(18.6) Crossbows
 + Level 13.2(18.2) Dodging
 - Level 1.3(6.3) Stealth
 + Level 9.5(14.5) Shields


You had 13 spell levels left.
You didn't know any spells.
Your spell library contained the following spells:

 Spells                   Type           Power        Failure   Level  Hunger
 Corona                   Hex            #......      28%         1    ##.....
 Magic Dart               Conj           #...         28%         1    ##.....
 Shock                    Conj/Air       #...         28%         1    ##.....
 Ensorcelled Hibernation  Hex/Ice        #.....       41%         2    ###....
 Searing Ray              Conj           #.....       41%         2    ###....
 Swiftness                Chrm/Air       #.......     41%         2    ###....
 Confuse                  Hex            #.......     65%         3    ####...
 Dazzling Spray           Conj/Hex       #.....       65%         3    ####...
 Static Discharge         Conj/Air       #.......     65%         3    ####...
 Tukima's Dance           Hex            #.......     65%         3    ####...
 Airstrike                Air            #.........   96%         4    #####..
 Force Lance              Conj/Tloc      #.......     96%         4    #####..
 Fulminant Prism          Conj/Hex       #.........   96%         4    #####..
 Iskenderun's Mystic Bla  Conj           #.......     96%         4    #####..
 Summon Lightning Spire   Summ/Air       #.......     96%         4    #####..
 Lightning Bolt           Conj/Air       #.........   100%        5    ######.
 Silence                  Hex/Air        #.........   100%        5    ######.
 Conjure Ball Lightning   Conj/Air       #.........   100%        6    #######
 Deflect Missiles         Chrm/Air       #.........   100%        6    #######
 Tornado                  Air            #.........   100%        9    #######


Dungeon Overview and Level Annotations

Branches:
Dungeon (15/15)            Temple (1/1) D:5            Lair (6/6) D:8
  Swamp (0/4) Lair:2       Spider (0/4) Lair:2          Orc (1/2) D:12
 Vaults (0/5) D:13         Depths (0/5) D:15
  Slime: Lair:5-6

Altars:
Ashenzari
Cheibriados
Dithmenos
Elyvilon
Fedhas
Gozag
Hepliaklqana
Kikubaaqudgha
Makhleb
Nemelex Xobeh
Okawaru
Ru
Sif Muna
Trog
Uskayaw
Vehumet
Wu Jian
Xom
Yredelemnul
Zin
The Shining One
Lugonu

Shops:
D:15 =

Annotations:
D:4 2 transporters
D:7 3 runed translucent doors, p0werm0de's ghost, novice VSIE
D:9 4 transporters, EtherCrawl's ghost, novice GnAM
D:12 Azrael
Lair:2 exclusion: 4 oklob plants
Lair:4 exclusion: oklob plant


Innate Abilities, Weirdness & Mutations

You cannot wear most types of armour.
You are very stealthy in the water. (Stealth+)
You are amphibious.
You can wear up to eight rings at the same time.
You can use your tentacles to constrict eight enemies at once.
Your skin changes colour to match your surroundings (Stealth+).
Your rubbery body absorbs attacks. (AC +1, EV +1)
One of your tentacles bears a nasty spike.
Your body sometimes deteriorates upon taking damage.


Message History

The red ugly thing is heavily wounded.
The red ugly thing is engulfed in blazing flames.
The red ugly thing closely misses you.
You gain the combat prowess of a mighty hero.
You block the red ugly thing's attack.
Okay, then.
Okay, then.
Evoke which item? (* to show all) (? for menu, Esc to quit)
Aiming: Dig
Press: ? - help, Shift-Dir - straight line, p - red ugly thing A glowing arbalest {god gift}.
There is something else lying underneath.
Okay, then.
Evoke which item? (* to show all) (? for menu, Esc to quit)
Aiming: Dig
Press: ? - help, Shift-Dir - straight line, p - red ugly thing A glowing arbalest {god gift}.
There is something else lying underneath.
The rock shatters into small pieces.
The red ugly thing gores you!
You die...

*,,,.......u.....#
*,,###.N#.#(u#.#.#
*,,#..uH#.#D.#.#.#
*,.###Gu###.c###.#
*,.....Zhuu......#
*,.....5uu########
**#######(#
##§########
..°§○)u@..#
###########


You could see a red ugly thing (inner flame).

Vanquished Creatures
  Gastronok (Lair:2)
  Kirke (Lair:5)
  Erica (D:10)
  4 hydras
  2 centaur warriors
  2 two-headed ogres (D:14)
  2 dancing weapons (D:13)
  3 death yaks
  2 unseen horrors
  Pikel (D:6)
  2 cyclopes (D:13)
  A deep elf mage (D:12)
  4 ugly things
  5 elephants (Lair:4)
  A black mamba (Lair:2)
  2 ice statues (IceCv)
  2 rime drakes
  12 spiny frogs
  6 ice devils (IceCv)
  3 komodo dragons
  A polar bear (shapeshifter) (D:15)
  3 jumping spiders (Lair:2)
  A hornet (D:14)
  A polar bear (D:8)
  2 trolls
  Grinder (D:6)
  2 blink frogs
  6 hippogriffs
  7 redbacks (Lair:2)
  A shadow (D:13)
  3 basilisks
  A water elemental (D:15)
  A wraith (D:13)
  28 yaks
  A wyvern (Lair:3)
  5 fire elementals
  5 hogs
  4 hungry ghosts
  6 water moccasins
  A hell hound (D:12)
  A soldier ant (D:13)
  8 porcupines
  14 ice beasts
  7 orc warriors
  3 sky beasts
  A hornet zombie (D:11)
  2 phantoms
  4 slaves (D:6)
  20 wolves
  5 ogres
  7 centaurs
  2 necrophages
  8 crocodiles
  An elf zombie (D:8)
  2 big kobolds
  13 bullfrogs
  A water moccasin zombie (D:7)
  A wyvern skeleton (D:14)
  A scorpion (D:4)
  8 wights
  2 electric eels (D:8)
  2 howler monkeys
  3 crimson imps
  4 bullfrog zombies
  3 centaur zombies
  2 quasits
  3 human zombies (D:8)
  4 hounds
  A gnoll shaman (D:8)
  7 orc wizards
  3 centaur skeletons
  6 orc priests
  A jelly (D:5)
  3 bullfrog skeletons
  2 human skeletons (D:8)
  Ijyb (D:4)
  7 iguanas
  12 worker ants
  5 hell rats (Lair:2)
  A killer bee zombie (D:8)
  2 bullfrog simulacra (D:8)
  2 mummies (D:8)
  12 adders
  9 gnolls
  2 howler monkey skeletons
  13 river rats (Lair:2)
  4 shadow imps
  4 white imps
  9 ufetubi
  2 adder skeletons
  A worm (D:2)
  4 dart slugs
  7 leopard geckos
  34 orcs
  8 giant cockroaches
  8 goblins
  7 hobgoblins
  9 jackals
  11 quokkas
  10 bats
  4 frilled lizards
  A jackal skeleton (D:5)
  15 kobolds
  A leopard gecko zombie (D:5)
  An orc skeleton (D:8)
  An orc zombie (D:8)
  A quokka skeleton (D:6)
  17 rats
517 creatures vanquished.

Vanquished Creatures (collateral kills)
  A scorpion (D:11)
  3 wights (D:11)
  5 white imps (IceCv)
  2 ufetubi (IceCv)
11 creatures vanquished.

Vanquished Creatures (others)
  A reaper (IceCv)
  An unseen horror (D:15)
  A white imp (IceCv)
  5 ufetubi (IceCv)
  17 fungi
  14 plants
39 creatures vanquished.

Grand Total: 567 creatures vanquished

Notes
Turn   | Place    | Note
-------+----------+-------------------------------------------
     0 | D:1      | HEYYEYAAE the Octopode Hunter began the quest for the Orb.
     0 | D:1      | Reached XP level 1. HP: 14/14 MP: 1/1
   157 | D:1      | Reached XP level 2. HP: 19/19 MP: 2/2
   295 | D:1      | Found a shimmering altar of Xom.
   303 | D:1      | Found a burning altar of Makhleb.
   303 | D:1      | Found an iron altar of Okawaru.
   307 | D:1      | Found a deep blue altar of Sif Muna.
   307 | D:1      | Found a glowing silver altar of Zin.
   307 | D:1      | Found a hazy altar of Hepliaklqana.
   529 | D:1      | Reached XP level 3. HP: 24/25 MP: 3/3
   866 | D:2      | Reached XP level 4. HP: 12/30 MP: 4/4
  1814 | D:3      | Found a sparkling altar of Nemelex Xobeh.
  1814 | D:3      | Found a sacrificial altar of Ru.
  1819 | D:3      | Found a deep blue altar of Sif Muna.
  1833 | D:3      | Found a glowing silver altar of Zin.
  1835 | D:3      | Found an ornate altar of the Wu Jian Council.
  2382 | D:4      | Noticed Ijyb
  2571 | D:4      | Found a transporter.
  2575 | D:4      | Reached XP level 5. HP: 36/36 MP: 5/5
  2629 | D:4      | Found a transporter.
  2631 | D:4      | Noticed an ice beast
  2631 | D:4      | Noticed an ice beast
  2657 | D:4      | Reached skill level 5 in Crossbows
  3107 | D:4      | Reached XP level 6. HP: 16/43 MP: 6/6
  3486 | D:4      | Killed Ijyb
  3742 | D:5      | Entered Level 5 of the Dungeon
  3910 | D:5      | Reached XP level 7. HP: 48/49 MP: 7/7
  3964 | D:5      | Got a slimy hunting sling
  4046 | D:5      | Found a staircase to the Ecumenical Temple.
  4058 | Temple   | Entered the Ecumenical Temple
  4074 | Temple   | Became a worshipper of Warmaster Okawaru
  4107 | D:5      | Reached skill level 5 in Fighting
  4107 | D:5      | Reached skill level 5 in Dodging
  4558 | D:5      | Reached XP level 8. HP: 55/55 MP: 8/8
  4625 | D:5      | Identified the +9 hunting sling "Pajukusch" {venom, MR+
                  | Str+3 Stlth-} (You found it on level 5 of the Dungeon)
  4938 | D:6      | Noticed Pikel
  5163 | D:6      | Reached * piety under Okawaru
  6059 | D:6      | Noticed Grinder
  6082 | D:7      | Noticed a yak
  6164 | D:7      | Noticed a gargoyle
  6392 | D:8      | Reached XP level 9. HP: 52/63 MP: 9/9
  6729 | D:8      | Reached ** piety under Okawaru
  7678 | D:6      | Paralysed by Grinder for 4 turns
  7702 | D:6      | Paralysed by Grinder for 2 turns
  7708 | D:6      | Killed Grinder
  7914 | D:6      | Killed Pikel
  8175 | D:7      | Reached *** piety under Okawaru
  8195 | D:7      | Found a runed translucent gate.
  8195 | D:7      | Found a runed translucent gate.
  8195 | D:7      | Found a runed translucent gate.
  8195 | D:7      | Noticed p0werm0de's ghost (novice VSIE)
  8725 | D:8      | Reached XP level 10. HP: 72/72 MP: 10/10
  8995 | D:9      | Noticed a two-headed ogre
  8998 | D:9      | Noticed a flayed ghost
  9001 | D:9      | Noticed EtherCrawl's ghost (novice GnAM)
  9013 | D:9      | Found a transporter.
  9021 | D:9      | Found a transporter.
  9721 | D:9      | Noticed a white ugly thing
  9759 | D:9      | Noticed a cyan ugly thing
  9760 | D:9      | Found a transporter.
  9760 | D:9      | Noticed a white ugly thing
  9761 | D:9      | Found a corrupted altar of Lugonu.
  9761 | D:9      | Found a transporter.
 10365 | D:8      | Found a staircase to the Lair.
 10457 | D:8      | Received a gift from Okawaru
 11789 | D:8      | Found a basalt altar of Yredelemnul.
 12006 | D:10     | Entered Level 10 of the Dungeon
 12085 | D:10     | Received a gift from Okawaru
 12173 | D:10     | Reached **** piety under Okawaru
 12204 | D:11     | Reached skill level 10 in Crossbows
 12480 | D:11     | Noticed an unseen horror
 12491 | D:11     | Killed an unseen horror
 12532 | D:11     | Reached XP level 11. HP: 43/81 MP: 9/11
 12946 | D:11     | Reached skill level 1 in Shields
 13035 | D:11     | Reached skill level 10 in Fighting
 13035 | D:11     | Reached skill level 10 in Dodging
 13038 | D:11     | Got a dazzling long sword
 13074 | D:11     | Noticed a green ugly thing
 13090 | D:11     | Killed a green ugly thing
 13390 | D:12     | Noticed a deep elf mage
 13397 | D:12     | Killed a deep elf mage
 13397 | D:12     | Reached ***** piety under Okawaru
 13738 | D:10     | Noticed Erica
 13738 | D:10     | Noticed an unseen horror
 13749 | D:10     | Killed an unseen horror
 13749 | D:10     | Received a gift from Okawaru
 14314 | D:10     | Killed Erica
 14314 | D:10     | Received a gift from Okawaru
 14337 | D:10     | Received a gift from Okawaru
 14709 | D:12     | Noticed Azrael
 15036 | Lair:1   | Entered Level 1 of the Lair of Beasts
 15703 | Lair:1   | Received a gift from Okawaru
 16212 | Lair:1   | Noticed an eight-headed hydra
 16917 | Lair:2   | Reached XP level 12. HP: 62/89 MP: 12/12
 16950 | Lair:2   | Found a frozen archway.
 17149 | IceCv    | Entered an ice cave
 17351 | IceCv    | Killed a reaper
 19460 | IceCv    | Reached skill level 5 in Shields
 20286 | IceCv    | Found the +10 zealot's sword {holy, *Rage rN+ EV+3}
 20414 | Lair:2   | Found a staircase to the Swamp.
 20803 | Lair:2   | Found a hole to the Spider Nest.
 21025 | Lair:2   | Noticed Gastronok
 21258 | Lair:2   | Killed Gastronok
 22945 | Lair:1   | Killed an eight-headed hydra
 22945 | Lair:1   | Received a gift from Okawaru
 22945 | Lair:1   | Reached XP level 13. HP: 37/96 MP: 6/13
 23484 | Lair:1   | Got an ancient buckler {god gift}
 23495 | Lair:1   | Identified the +1 buckler of the Monkey {rCorr} (Okawaru
                  | gifted it to you on level 1 of the Lair of Beasts)
 23943 | Lair:3   | Received a gift from Okawaru
 24486 | Lair:3   | Received a gift from Okawaru
 25246 | Lair:4   | Found a blossoming altar of Fedhas.
 25326 | Lair:4   | Received a gift from Okawaru
 25417 | Lair:4   | Gained mutation: Your body sometimes deteriorates upon
                  | taking damage. [potion of mutation]
 25417 | Lair:4   | Gained mutation: One of your tentacles bears a spike.
                  | [potion of mutation]
 25417 | Lair:4   | Gained mutation: One of your tentacles bears a nasty spike.
                  | [potion of mutation]
 25507 | Lair:4   | Received a gift from Okawaru
 27139 | Lair:5   | Noticed Kirke
 27246 | Lair:5   | Identified the +11 long sword "Qifuimeh" {slice, *Drain
                  | Str+4 Int-2 Dex+5} (You found it on level 11 of the
                  | Dungeon)
 27547 | Lair:5   | Killed Kirke
 27880 | Lair:6   | Entered Level 6 of the Lair of Beasts
 28362 | D:11     | Reached XP level 14. HP: 73/104 MP: 14/14
 28514 | D:12     | Found a staircase to the Orcish Mines.
 28522 | Orc:1    | Entered Level 1 of the Orcish Mines
 28525 | Orc:1    | Paralysed by an orc sorcerer for 4 turns
 29501 | D:13     | Found a gate to the Vaults.
 29855 | D:13     | You fall through a shaft!
 29855 | D:14     | Found a gate leading to a gauntlet.
 29864 | D:14     | Received a gift from Okawaru
 30612 | D:15     | Entered Level 15 of the Dungeon
 30612 | D:15     | Found Cuiqi's Jewellery Shoppe.
 30762 | D:15     | HP: 2/106 [centaur warrior/arrow (22)]
 30765 | D:15     | Received a gift from Okawaru
 30774 | D:15     | Mangled by a red ugly thing

Skill      XL: |  1  2  3  4  5  6  7  8  9 10 11 12 13 14 |
---------------+-------------------------------------------+-----
Fighting       | 3 4 5 6 8 9 10 11 12 13 | 13.2
Dodging        | 3 4 5 6 8 9 10 11 12 13 | 13.2
Crossbows      | 5 6 7 9 10 11 12 13 | 13.6
Shields        | 4 6 8 9 |  9.5
Stealth        | |  1.3

Action                   |  1- 3 |  4- 6 |  7- 9 | 10-12 | 13-15 || total
-------------------------+-------+-------+-------+-------+-------++-------
Melee: Short sword       |       |       |    44 |     2 |       ||    46
       Tentacles         |       |       |    16 |    52 |     2 ||    70
       Constrict         |       |       |     7 |     1 |       ||     8
       Scimitar          |       |       |       |    76 |       ||    76
       Whip              |       |       |       |    59 |       ||    59
       Eudemon blade     |       |       |       |       |     4 ||     4
       Kick              |       |       |       |       |     1 ||     1
 Fire: Hand crossbow     |    80 |   170 |   287 |   322 |   241 ||  1100
       Hunting sling     |       |       |    58 |   618 |   423 ||  1099
Invok: Heroism           |       |       |     2 |    10 |     9 ||    21
       Finesse           |       |       |       |     2 |       ||     2
Evoke: Sack of spiders   |       |       |       |    17 |       ||    17
       Wand              |       |       |       |     9 |    10 ||    19
  Use: Scroll            |       |     5 |    11 |    20 |    12 ||    48
       Potion            |       |     2 |     3 |     4 |     7 ||    16
 Stab: Sleeping          |       |       |     3 |       |       ||     3
  Eat: Chunk             |       |     3 |    10 |    10 |    10 ||    33
       Ration            |       |     2 |     1 |    10 |     5 ||    18
Armor: Skin              |     3 |    13 |     2 |    13 |    12 ||    43
Dodge: Dodged            |    11 |    56 |   193 |   647 |   368 ||  1275
Block: Buckler           |       |       |       |    85 |   154 ||   239
       Rpst.: Scimitar   |       |       |       |    25 |       ||    25
       Eudemon blade     |       |       |       |       |     1 ||     1
